 Dungeon Crawl Stone Soup version 0.29-a0-338-g1ff7896281 (webtiles) character file.

Game seed: 7981964687503643860

4887 thiscave3701365 the Cleaver (level 10, 0/82 HPs)
             Began as a Gnoll Berserker on Apr 18, 2022.
             Was a Believer of Trog.
             Slain by Maurice
             ... wielding a +0 trident
              (8 damage)
             ... on level 8 of the Dungeon.
             The game lasted 00:13:39 (11517 turns).

thiscave3701365 the Cleaver (Gnoll Berserker)      Turns: 11517, Time: 00:13:40

Health: 0/82       AC:  8    Str: 22    XL:     10   Next: 50%
Magic:  18/18      EV: 12    Int:  6    God:    Trog [**....]
Gold:   451        SH:  0    Dex: 11    Spells: 19/19 levels left

rFire   . . .      SeeInvis .   a - +0 hand axe
rCold   + + .      Faith    .   (no shield)
rNeg    . . .      Spirit   .   r - +7 Kryia's mail coat {PotionHeal*2 rC+}
rPois   .          Reflect  .   o - +1 helmet
rElec   .          Harm     .   C - +2 cloak
rCorr   .          Rampage  .   (no gloves)
Will    .....                   (no boots)
Stlth   +.........              H - amulet of regeneration
HPRegen 1.03/turn               y - ring of protection from cold
MPRegen 0.16/turn               (no ring)

@: corroded, on berserk cooldown, slowed, very slow
A: fangs 1, strong nose, distributed training
a: Renounce Religion, Berserk, Trog's Hand


You were on level 8 of the Dungeon.
You worshipped Trog.
Trog was pleased with you.
You visited 1 branch of the dungeon, and saw 8 of its levels.
You also visited: Ossuary.

You collected 451 gold pieces.

Inventory:

Hand Weapons
 a - a +0 hand axe (weapon)
 G - a +1 vorpal double sword
Missiles
 t - a throwing net
Armour
 d - a +0 plate armour
 o - a +1 helmet (worn)
 r - the +7 Kryia's mail coat (worn) {PotionHeal*2 rC+}
   (You found it on level 2 of the Dungeon)

   Potions are twice as effective at healing its wearer.
   rC:        It protects you from cold.
 C - a +2 cloak (worn)
Jewellery
 y - a ring of protection from cold (left hand)
 H - an amulet of regeneration (around neck)
Wands
 F - a wand of iceblast (4)
Scrolls
 b - 4 scrolls of immolation
 c - a scroll of enchant armour
 g - a scroll of blinking
 i - a scroll of fear
 k - 3 scrolls of enchant weapon
 n - 3 scrolls of teleportation
 u - 2 scrolls of magic mapping
 v - a scroll of amnesia
 A - a scroll of fog
Potions
 f - 4 potions of curing
 h - 2 potions of invisibility {unknown}
 j - a potion of lignification {unknown}
 m - 2 potions of might {unknown}
 p - a potion of haste {unknown}
 q - 3 potions of attraction {unknown}
 s - 3 potions of mutation
 w - 5 potions of berserk rage
 x - 6 potions of heal wounds
 z - 3 potions of flight
 B - 2 potions of brilliance {unknown}
 E - a potion of magic {unknown}


   Skills:
 + Level 8.5 Fighting
 + Level 5.3 Short Blades
 + Level 5.3 Long Blades
 + Level 8.5 Axes
 + Level 5.3 Maces & Flails
 + Level 5.3 Polearms
 + Level 5.3 Staves
 + Level 5.3 Slings
 + Level 5.3 Bows
 + Level 5.3 Crossbows
 + Level 5.3 Throwing
 + Level 7.1 Armour
 + Level 7.1 Dodging
 + Level 5.3 Stealth
 + Level 5.3 Shields
 + Level 5.3 Unarmed Combat
 + Level 5.3 Spellcasting
 + Level 4.4 Conjurations
 + Level 4.4 Hexes
 + Level 4.4 Summonings
 + Level 4.4 Necromancy
 + Level 4.4 Translocations
 + Level 4.4 Transmutations
 + Level 4.4 Fire Magic
 + Level 4.4 Ice Magic
 + Level 4.4 Air Magic
 + Level 4.4 Earth Magic
 + Level 4.4 Poison Magic
 + Level 5.9 Invocations
 + Level 5.3 Evocations


You had 19 spell levels left.
You didn't know any spells.
Your spell library was empty.

Dungeon Overview and Level Annotations

Branches:
Dungeon (8/15)             Temple (0/1) D:4         Ossuary (visited)
   Lair: D:8-11

Altars:
Fedhas
Makhleb
Nemelex Xobeh
Zin
The Shining One

Shops:
D:4 [

Annotations:
D:8 Maurice


Innate Abilities, Weirdness & Mutations

You have very sharp teeth.
Your uncanny sense of smell can sniff out nearby items.
Your experience applies equally to all skills.


Message History

Trog accepts your kill.
You hit something but do no damage. You bite something.
Something hits you but does no damage.
You hit something. You miss something. You bite something.
You hear a zap.
A bolt of acid appears from out of thin air!
The bolt of acid hits you!! The acid corrodes you!
You closely miss something. You slash something!
You hear some strange, mumbled words.
You start resting.
Magic restored.
You start resting.
You feel a strong urge to attack something.
You are no longer berserk.
You are exhausted.
You feel yourself slow down.
You hear a zap.
A bolt of acid appears from out of thin air!
The bolt of acid hits you!! The acid corrodes you!
Items here: ! ))) [[ †.
Something hits you but does no damage.
You hear a zap.
A bolt of acid appears from out of thin air!
The bolt of acid hits you!
* * * LOW HITPOINT WARNING * * *
Something completely misses you.
Things that are here:
a +0 short sword; 3 boomerangs You completely miss something.
Something hits you.
* * * LOW HITPOINT WARNING * * *
Something steals your amulet of the acrobat!
Something hits you!
* * * LOW HITPOINT WARNING * * *
Something steals your fizzy amethyst potion!
You miss something. Something hits you.
* * * LOW HITPOINT WARNING * * *
Something steals your +0 battleaxe!
You barely miss something. Something hits you!
You die...

#.# #.# #.# #### #.#
#.. . #####.# #.# ..
...#.###### #.####.##.
#.#.##...#####†#.......
#. #...†..#..){@.)..#
#.# #.####...#####)###
#.# #.# ##.## #.#
#.###.# #.# #.# #.##..#
#.# ... #.##..#####.#
.#. ∆ #............ ..
.. .........##.# .. #.
......#...# ... .#


There were no monsters in sight!

Vanquished Creatures
  Pikel (D:8)
  A troll (D:8)
  Sigmund (D:5)
  A shadow (D:6)
  A wyvern (D:8)
  Eustachio (D:5)
  2 water moccasins (D:7)
  2 ice beasts
  3 black bears (D:5)
  A sky beast (D:7)
  3 ogres
  2 phantoms
  A bullfrog (D:8)
  A gnoll sergeant (D:7)
  8 scorpions
  2 necrophages (D:4)
  5 wights (D:8)
  4 killer bees (D:8)
  3 hounds
  5 centaur zombies (Ossuary)
  2 jellies
  3 orc priests
  2 human zombies (Ossuary)
  Crazy Yiuf (D:5)
  A gnoll shaman (D:5)
  7 iguanas
  3 orc wizards (D:8)
  6 scorpion zombies (Ossuary)
  3 mummies (Ossuary)
  13 gnolls
  11 adders
  A white imp (D:6)
  An ufetubus (D:5)
  2 worms (D:4)
  3 dart slugs
  13 orcs
  5 bats
  7 endoplasms
  5 giant cockroaches
  A gnoll zombie (Ossuary)
  8 goblins
  5 hobgoblins
  4 kobolds
  2 quokkas
  9 ball pythons
  3 frilled lizards
  3 goblin zombies (Ossuary)
  3 hobgoblin zombies (Ossuary)
  2 kobold zombies (Ossuary)
  2 orc zombies (Ossuary)
  7 rats
186 creatures vanquished.

Notes
Turn   | Place    | Note
-------+----------+-------------------------------------------
     0 | D:1      | thiscave3701365 the Gnoll Berserker began the quest for the
                  | Orb.
     0 | D:1      | Reached XP level 1. HP: 23/23 MP: 1/1
   519 | D:1      | Reached XP level 2. HP: 28/29 MP: 2/2
   642 | D:1      | Found a faded altar of an unknown god.
  1031 | D:1      | Reached XP level 3. HP: 13/35 MP: 3/3
  1840 | D:1      | Reached skill level 1 in Invocations
  2394 | D:2      | Reached skill level 1 in Short Blades
  2394 | D:2      | Reached skill level 1 in Long Blades
  2394 | D:2      | Reached skill level 1 in Maces & Flails
  2394 | D:2      | Reached skill level 1 in Polearms
  2394 | D:2      | Reached skill level 1 in Staves
  2394 | D:2      | Reached skill level 1 in Slings
  2394 | D:2      | Reached skill level 1 in Bows
  2394 | D:2      | Reached skill level 1 in Crossbows
  2394 | D:2      | Reached skill level 1 in Throwing
  2394 | D:2      | Reached skill level 1 in Stealth
  2394 | D:2      | Reached skill level 1 in Shields
  2394 | D:2      | Reached skill level 1 in Unarmed Combat
  2394 | D:2      | Reached skill level 1 in Spellcasting
  2394 | D:2      | Reached skill level 1 in Evocations
  2561 | D:2      | Found a glowing golden altar of the Shining One.
  2577 | D:2      | Reached XP level 4. HP: 37/41 MP: 5/5
  2719 | D:2      | Found the +7 Kryia's mail coat {PotionHeal*2 rC+}
  2732 | D:2      | Reached ** piety under Trog
  3189 | D:2      | Reached skill level 1 in Conjurations
  3189 | D:2      | Reached skill level 1 in Hexes
  3189 | D:2      | Reached skill level 1 in Summonings
  3189 | D:2      | Reached skill level 1 in Necromancy
  3189 | D:2      | Reached skill level 1 in Translocations
  3189 | D:2      | Reached skill level 1 in Transmutations
  3189 | D:2      | Reached skill level 1 in Fire Magic
  3189 | D:2      | Reached skill level 1 in Ice Magic
  3189 | D:2      | Reached skill level 1 in Air Magic
  3189 | D:2      | Reached skill level 1 in Earth Magic
  3189 | D:2      | Reached skill level 1 in Poison Magic
  3582 | D:3      | Reached XP level 5. HP: 47/47 MP: 6/6
  4127 | D:3      | Found a sparkling altar of Nemelex Xobeh.
  4206 | D:4      | Reached XP level 6. HP: 53/53 MP: 8/8
  4384 | D:4      | Found a staircase to the Ecumenical Temple.
  4384 | D:4      | Found Raot's Antique Armour Shoppe.
  4637 | D:4      | Reached skill level 5 in Armour
  4637 | D:4      | Reached skill level 5 in Dodging
  5116 | D:5      | Entered Level 5 of the Dungeon
  5150 | D:5      | Reached XP level 7. HP: 59/59 MP: 10/10
  5539 | D:5      | Found a glowing silver altar of Zin.
  5539 | D:5      | Found a blossoming altar of Fedhas.
  5618 | D:5      | Noticed Sigmund
  5634 | D:5      | Reached XP level 8. HP: 67/67 MP: 12/12
  5648 | D:5      | Killed Sigmund
  5941 | D:5      | Noticed Eustachio
  5951 | D:5      | Killed Eustachio
  7282 | D:5      | Found a runed translucent door.
  7283 | D:5      | Noticed Crazy Yiuf
  7744 | D:5      | Killed Crazy Yiuf
  8022 | D:6      | Reached XP level 9. HP: 71/72 MP: 14/14
  8245 | D:6      | Found a burning altar of Makhleb.
 10024 | D:8      | Reached skill level 5 in Invocations
 10060 | D:8      | Found a sand-covered staircase.
 10066 | Ossuary  | Entered an ossuary
 10499 | Ossuary  | Reached XP level 10. HP: 80/80 MP: 17/17
 10780 | D:8      | Reached skill level 5 in Short Blades
 10780 | D:8      | Reached skill level 5 in Long Blades
 10780 | D:8      | Reached skill level 5 in Maces & Flails
 10780 | D:8      | Reached skill level 5 in Polearms
 10780 | D:8      | Reached skill level 5 in Staves
 10780 | D:8      | Reached skill level 5 in Slings
 10780 | D:8      | Reached skill level 5 in Bows
 10780 | D:8      | Reached skill level 5 in Crossbows
 10780 | D:8      | Reached skill level 5 in Throwing
 10780 | D:8      | Reached skill level 5 in Stealth
 10780 | D:8      | Reached skill level 5 in Shields
 10780 | D:8      | Reached skill level 5 in Unarmed Combat
 10780 | D:8      | Reached skill level 5 in Spellcasting
 10780 | D:8      | Reached skill level 5 in Evocations
 11435 | D:8      | Noticed Maurice
 11435 | D:8      | Noticed Pikel
 11475 | D:8      | Killed Pikel
 11517 | D:8      | Slain by Maurice

Illustrated notes

Levels and vault maps discovered:
D:1:      spicycebolla_arrival_teleporter_tutorial, layout_basic,
          dreamdust_ecumenical_altar_statues, minmay_hedge_maze,
          corexii_corridor_pit, kennysheep_decorative_pillar
D:2:      layout_basic, basic_altar, ebering_dispersal_statue_hall,
          minmay_fountain_box
D:3:      layout_rooms, nemelex_diamond_rough_becter, chequers_decorated_corner
D:4:      layout_cave_pods, minmay_temple_entry_waves, serial_shops, shop,
          grunt_ministairs_9, minmay_surrounded
D:5:      layout_loops_ring, gammafunk_temple_overflow_wave,
          kennysheep_generic_room_6, uniq_eustachio, uniq_sigmund,
          uniq_crazy_yiuf_cottage
D:6:      layout_rooms, makhleb_heckhound_becter
D:7:      layout_cave_pods, serial_column_ruins, column_ruins_circle_small,
          column_ruins_open_small, column_ruins_corridor_straight,
          column_ruins_columns_plus, column_ruins_open_tiny
D:8:      layout_loops_ring, enter_bailey_5, enter_ossuary_5, uniq_maurice,
          uniq_pikel

Skill      XL: |  1  2  3  4  5  6  7  8  9 10 |
---------------+-------------------------------+-----
Invocations    | 1 2 3 4 5 |  5.9
Short Blades   | 1 2 3 4 5 |  5.3
Long Blades    | 1 2 3 4 5 |  5.3
Maces & Flails | 1 2 3 4 5 |  5.3
Polearms       | 1 2 3 4 5 |  5.3
Staves         | 1 2 3 4 5 |  5.3
Slings         | 1 2 3 4 5 |  5.3
Bows           | 1 2 3 4 5 |  5.3
Crossbows      | 1 2 3 4 5 |  5.3
Throwing       | 1 2 3 4 5 |  5.3
Stealth        | 1 2 3 4 5 |  5.3
Shields        | 1 2 3 4 5 |  5.3
Unarmed Combat | 1 2 3 4 5 |  5.3
Spellcasting   | 1 2 3 4 5 |  5.3
Evocations     | 1 2 3 4 5 |  5.3
Conjurations   | 1 2 3 4 |  4.4
Hexes          | 1 2 3 4 |  4.4
Summonings     | 1 2 3 4 |  4.4
Necromancy     | 1 2 3 4 |  4.4
Translocations | 1 2 3 4 |  4.4
Transmutations | 1 2 3 4 |  4.4
Fire Magic     | 1 2 3 4 |  4.4
Ice Magic      | 1 2 3 4 |  4.4
Air Magic      | 1 2 3 4 |  4.4
Earth Magic    | 1 2 3 4 |  4.4
Poison Magic   | 1 2 3 4 |  4.4
Armour         | 5 6 7 |  7.1
Dodging        | 5 6 7 |  7.1
Fighting       | 7 8 |  8.5
Axes           | 7 8 |  8.5

Action                   |  1- 3 |  4- 6 |  7- 9 | 10-12 || total
-------------------------+-------+-------+-------+-------++-------
Melee: Hand axe          |   101 |   152 |   357 |   188 ||   798
       Bite              |    11 |    14 |    47 |    15 ||    87
       Punch             |       |     2 |    10 |     4 ||    16
Invok: Berserk           |     2 |     6 |    22 |     8 ||    38
  Use: Scroll            |       |       |       |    17 ||    17
 Stab: Sleeping          |     3 |     1 |       |       ||     4
Armor: Animal skin       |    18 |     5 |       |       ||    23
       Scale mail        |       |    67 |   231 |   104 ||   402
Dodge: Dodged            |    52 |    97 |   246 |   123 ||   518

Table legend: (Time is in decaauts)
 A = Elapsed time spent in this place.
 B = Non-inter-level travel time spent in this place.
 C = Inter-level travel time spent in this place.
 D = Time resting spent in this place.
 E = Time spent auto-exploring this place.
 F = Levels seen in this place.
 G = Mean time per level.
                   A        B        C        D        E       F      G
               +--------+--------+--------+--------+--------+-----+--------+
         Total |  11784 |  11246 |    538 |   3991 |   5696 |   9 | 1309.3 |
       Dungeon |  11068 |  10530 |    538 |   3629 |   5570 |   8 | 1383.5 |
       Ossuary |    716 |    716 |      0 |    362 |    126 |   1 |  716.0 |
               +--------+--------+--------+--------+--------+-----+--------+

Top non-repeatable levels by time:
     D:5: 2869 daAuts
     D:1: 2250 daAuts
     D:7: 1799 daAuts
     D:2: 1164 daAuts
     D:4: 957 daAuts
     D:3: 800 daAuts
 Ossuary: 716 daAuts
     D:8: 652 daAuts
     D:6: 575 daAuts
